 Dungeon Crawl Stone Soup version 0.27-a0-1308-gc08437e49b (webtiles) character file.

Game seed: 8544040576363427538

77 mordus the Chopper (level 4, -2/55 HPs)
             Began as a Minotaur Gladiator on June 18, 2021.
             Slain by Sigmund (3 damage)
             ... on level 2 of the Dungeon.
             The game lasted 00:01:44 (1902 turns).

mordus the Chopper (Minotaur Gladiator)             Turns: 1902, Time: 00:01:44

Health: -2/55      AC: 22    Str: 19    XL:     4   Next: 14%
Magic:  3/3        EV:  2    Int:  5    God:
Gold:   46         SH:  0    Dex: 12    Spells: 3/3 levels left

rFire    + . .     SeeInvis .   a - +0 war axe
rCold    + . .     Faith    .   (no shield)
rNeg     + + +     Spirit   .   (armour currently unavailable)
rPois    +         Reflect  .   (helmet currently unavailable)
rElec    +         Harm     .   (cloak currently unavailable)
rCorr    +         Rampage  .   (gloves currently unavailable)
Will     .....     NoTele   +   (boots currently unavailable)
Stlth    +.........             (no amulet)
HPRegen  0.18/turn              (no ring)
MPRegen  0.08/turn              (no ring)

@: confused, tree-form, resistant
A: stationary, stasis, torment immunity, boosted hp, (horns 2), (retaliatory
headbutt)
a: no special abilities


You were on level 2 of the Dungeon.
You were a tree.
You visited 1 branch of the dungeon, and saw 2 of its levels.

You collected 46 gold pieces.

Inventory:

Hand Weapons
 a - a +0 war axe (weapon)
Missiles
 d - 3 throwing nets (quivered)
Armour
 b - a +0 leather armour
 c - a +0 hat (melded)
 i - a +0 ring mail (melded)
Scrolls
 e - a scroll of fear {unknown}
 h - a scroll of teleportation {unknown}
 j - a scroll of noise {unknown}
 k - a scroll of identify {unknown}


   Skills:
 - Level 2.4 Fighting
 * Level 5.4 Axes
 - Level 2.0 Throwing
 + Level 2.3 Armour
 - Level 3.2 Dodging


You had 3 spell levels left.
You didn't know any spells.
Your spell library was empty.

Dungeon Overview and Level Annotations

Branches:
Dungeon (2/15)

Altars:

Shops:
D:1 :

Annotations:
D:2 Sigmund


Innate Abilities, Weirdness & Mutations

You are a tree.
Your roots penetrate the ground, keeping you stationary.
You cannot be teleported.
You are immune to unholy pain and torment.
Your maximum health is greatly increased.
Your equipment is partially melded.
((You have a pair of horns on your head.))
((You reflexively headbutt those who attack you in melee.))


Message History

You are frozen.
An endoplasm is nearby!
You barely miss the endoplasm. You headbutt the endoplasm.
You kill the endoplasm!
Found a stone staircase leading down.
Sigmund the Dreaded comes into view.
He is wielding a +3 scythe of protection.
Sigmund shouts!
Sigmund is nearby!
It was a potion of lignification.
You turn into a tree.
Your +0 hat melds into your body.
Your +0 ring mail melds into your body.
Your roots penetrate the ground.
Sigmund breathes a few words.
Sigmund's hands start flickering wildly.
It was a potion of resistance.
You feel protected.
Sigmund hits you from afar with a +3 scythe of protection.
Sigmund hits you but does no damage.
Sigmund hits you from afar with a +3 scythe of protection!
Sigmund drinks a potion.
Sigmund seems to grow stronger.
Sigmund is nearby!
Sigmund is nearby!
Sigmund hits you from afar with a +3 scythe of protection!
Sigmund hits you but does no damage. Sigmund hits you but does no damage.
Sigmund hits you but does no damage.
Sigmund smiles chillingly.
Sigmund hits you from afar with a +3 scythe of protection.
Sigmund hits you from afar with a +3 scythe of protection.
Sigmund hits you from afar with a +3 scythe of protection.
Sigmund hits you from afar with a +3 scythe of protection!
* * * LOW HITPOINT WARNING * * *
Sigmund hits you from afar with a +3 scythe of protection!
* * * LOW HITPOINT WARNING * * *
Sigmund hits you from afar with a +3 scythe of protection.
* * * LOW HITPOINT WARNING * * *
Sigmund barely misses you.
Sigmund points at you and mumbles some strange words.
You are confused.
Sigmund hits you from afar with a +3 scythe of protection.
You die...

#...<....# #.######.##
#.# .. #####.## #.
#......# #. ##......#
#. ........# #####@
........#
#.....#################
..####'##
#.....♣...............#
....#.).#
#>....#############.###
.†..#...# #..... #.#
....#...# ###### #.#
....#...# #.# ....#...#
#.# #####...# #.# #...#
#.# ######### #.#


You could see Sigmund (strong).

Vanquished Creatures
  3 adders (D:2)
  A dart slug (D:2)
  An orc (D:2)
  4 bats
  7 endoplasms
  2 giant cockroaches
  4 goblins (D:2)
  8 hobgoblins
  2 jackals (D:2)
  A quokka (D:2)
  A ball python (D:1)
  4 frilled lizards
  2 kobolds (D:2)
  A rat (D:2)
41 creatures vanquished.

Notes
Turn   | Place    | Note
-------+----------+-------------------------------------------
     0 | D:1      | mordus the Minotaur Gladiator began the quest for the Orb.
     0 | D:1      | Reached XP level 1. HP: 18/18 MP: 0/0
    14 | D:1      | Found Tumetupt's Book Shoppe.
   225 | D:1      | Reached skill level 4 in Axes
   230 | D:1      | Reached skill level 1 in Armour
   230 | D:1      | Reached XP level 2. HP: 23/25 MP: 1/1
   794 | D:2      | Reached XP level 3. HP: 25/30 MP: 2/2
  1017 | D:2      | Found a faded altar of an unknown god.
  1052 | D:2      | Reached skill level 5 in Axes
  1541 | D:2      | Reached XP level 4. HP: 36/37 MP: 3/3
  1882 | D:2      | Noticed Sigmund
  1898 | D:2      | HP: 2/55 [Sigmund (13)]
  1902 | D:2      | Slain by Sigmund

Illustrated notes

Levels and vault maps discovered:
D:1:      wander_arrival_lonely_grave, layout_loops_ring, serial_shops, shop
D:2:      minmay_recursive_quarters, layout_basic,
          hellmonk_ecumenical_altar_inner_sanctum, kennysheep_minor_cross,
          uniq_sigmund

Skill      XL: |  1  2  3 |
---------------+----------+-----
Axes           | 4 5 |  5.4
Armour         | 1 2 |  2.3
Fighting       | |  2.4
Throwing       | |  2.0
Dodging        | |  3.2

Action                   |  1- 3 |  4- 6 || total
-------------------------+-------+-------++-------
Melee: War axe           |    62 |    15 ||    77
       Headbutt          |     4 |     2 ||     6
  Use: Potion            |       |     2 ||     2
Armor: Leather armour    |     5 |       ||     5
       Ring mail         |    29 |     4 ||    33
       Skin              |       |     4 ||     4
Dodge: Dodged            |    45 |     6 ||    51

Table legend: (Time is in decaauts)
 A = Elapsed time spent in this place.
 B = Non-inter-level travel time spent in this place.
 C = Inter-level travel time spent in this place.
 D = Time resting spent in this place.
 E = Time spent auto-exploring this place.
 F = Levels seen in this place.
 G = Mean time per level.
                   A        B        C        D        E       F      G
               +--------+--------+--------+--------+--------+-----+--------+
         Total |   1922 |   1902 |     20 |      0 |   1643 |   2 |  961.0 |
       Dungeon |   1922 |   1902 |     20 |      0 |   1643 |   2 |  961.0 |
               +--------+--------+--------+--------+--------+-----+--------+

Top non-repeatable levels by time:
     D:2: 1159 daAuts
     D:1: 763 daAuts
